← All builds
Tech / Armada / Economy first / OBSERVED BUILD

Standard tech

Armada Tech (Eco) build order · Supreme Isthmus

Rushes T2 by 4:15, gets Advanced Metal Extractor around 5:28, hands off T2 constructors to Geo and the team, then scales eco and supplies the team's T2 needs through the rest of the game.

Usually first T2 con to Geo (83%)

#eco #t2 #team support · 1602 distinct matches · 255 players · 60% of Armada Tech games · team won 53% of 1912 · Recently observed

HOW TO PLAY IT

Key timing: T2 factory by 4:15

  1. Open 3 mex and heavy wind to fund a fast T2 rush.
  2. Put down Bot Lab, planning to eat it for reclaim soon after.
  3. Get Advanced Bot Lab up, hitting the T2 factory rush timing.
  4. Upgrade mex to Advanced Metal Extractor to lock in team metal income.
  5. Eat Advanced Bot Lab and keep sending cons to Geo and Pond.

Phase by phase

TYPICAL OF ITS 1602 GAMES
  1. 1
  2. 2
  3. 3
  4. 4
PLAY THE OPENING

Follow the example game's first 6:00 step by step: what to build now, what comes next, and where it goes. At 1× it keeps pace with your own game.

  1. 1

    Up to the Bot Lab

    Economy
    • Metal Extractor3Mex
    • Wind Turbine4Wind
    Order
    1. Bot LabBot Lab after 3 mex, 4 winddone ~1:18, middle half 1:13–1:32

    Some games also: energy storage (31%)

    By 1:01 in all: 3 mex · 4 wind

    The example game in this phase · 4 steps
    1. Mex ×3
    2. Wind ×6
    3. Energy storage
    4. Bot LabBot Labdone 1:46 · typical 1:18
  2. 2

    Bot Lab to Advanced Bot Lab

    Economy
    • Metal Extractor1Mex
    • Wind Turbine8Wind
    • Energy Storage1Energy storage
    Order
    1. Advanced Bot LabAdvanced Bot Lab after 4 mex, 12 wind, 3 con turretdone ~4:16, middle half 4:04–4:30
    Builders
    • Construction Turret3 Con turret
    • Lazarus3 Lazarus
    • Construction Bot2 Con bot
    • Construction Bot1 Con bot for allies

    Some games also: converter (36%)

    By 3:18 in all: 4 mex · 12 wind · 1 energy storage · 3 con turret

    The example game in this phase · 9 steps
    1. LazarusLazarus
    2. Construction BotCon bot ×2
    3. Construction BotCon botfor unknown
    4. LazarusLazarus
    5. Con turret
    6. LazarusLazarus
    7. Mex
    8. Con turret ×2
    9. Advanced Bot LabAdvanced Bot Labdone 4:15 · typical 4:16
  3. 3

    Advanced Bot Lab to 5:00

    Economy
    • Wind Turbine3Wind
    Order
    1. Bot LabEat Bot Lab
    Builders
    • Advanced Construction Bot1 T2 con bot for allies

    Some games also: converter (35%)

    By 5:00 in all: 4 mex · 15 wind · 1 converter · 1 energy storage · 3 con turret

    The example game in this phase · 8 steps
    1. Bot LabEat Bot Labreclaimed for its metal
    2. Wind
    3. Advanced Construction BotT2 con botfor unknown
    4. Wind
    5. ButlerButlerfor Pond
    6. Wind ×2
    7. SharpshooterSniper botfor Ponddone 5:15
    8. Wind
  4. 4

    5:00 to 10:00

    Economy
    • Wind Turbine43Wind
    • Energy Converter6Converter
    Builders
    • Butler9 Butler
    • Advanced Construction Bot4 T2 con bot for allies
    • Advanced Construction Bot1 T2 con bot

    Some games also: con turret (43%) · Butler for allies (37%)

    By 10:00 in all: 4 mex · 58 wind · 8 converter · 1 energy storage · 3 con turret

    The example game in this phase · 51 steps
    1. Wind
    2. SharpshooterSniper botfor Pond
    3. Wind ×2
    4. Advanced Construction BotT2 con botfor Geo
    5. Wind
    6. SharpshooterSniper botfor Pond
    7. Wind ×2
    8. Converter
    9. SharpshooterSniper botfor Pond
    10. Converter
    11. Wind
    12. Converter
    13. Wind ×5
    14. SharpshooterSniper bot
    15. Converter
    16. Wind
    17. Advanced Construction BotT2 con botfor Geo sea
    18. Converter
    19. Wind ×2
    20. Converter
    21. Advanced Metal ExtractorT2 mexdone 9:42 · typical 5:29
    22. Wind
    23. Advanced Metal ExtractorT2 mex ×2
    24. Converter
    25. Advanced Metal ExtractorT2 mex
    26. Advanced Construction BotT2 con bot ×2for Suicide front
    27. Advanced Metal ExtractorT2 mex
    28. Advanced Construction BotT2 con bot ×2for Beach sea
    29. ButlerButler ×6
    30. Wind ×2
    31. ButlerButler
    32. Wind
    33. ButlerButler
    34. Wind ×3
    35. ButlerButler
    36. Wind ×7
    37. UmbrellaAnti-nukedone 13:36
    38. Wind ×2
    39. Advanced Construction BotT2 con bot
    40. Converter
    41. Wind ×4
    42. Converter
    43. Wind ×4
    44. Converter
    45. Wind ×4
    46. Converter
    47. Wind ×3
    48. Converter
    49. Wind ×3
    50. Converter
    51. Wind ×4

Counts are medians over the build's games: half of them build more, half fewer. The example game is GazzGrim's (31 OS, 27/09/2026); pick another.

Team trades

IN AT LEAST 30% OF ITS GAMES

You hand over

  • Construction Bot1 Con bot to Airfirst at 2:23 · in 84% of games
  • Advanced Construction Bot5 T2 con bot to Air or Geo sea or Pondfirst at 4:50 · in 99% of games
  • Butler2 Butler to Geo sea or Beach sea or Pondfirst at 9:06 · in 42% of games

You get

  • Hercules1 Light transport from Airfirst at 4:01 · in 86% of games

How it plays out

Typical game of this build, running totals by minute

Metal produced

020k40k
0:005:0010:0015:00

metal

Enemy metal destroyed

050100150
0:005:0010:0015:00

metal

Own metal lost

050100150
0:005:0010:0015:00

metal

1912 games.

Show as table
ByMetal produced: This buildEnemy metal destroyed: This buildOwn metal lost: This build
1:0038300
2:0091500
3:00165200
4:00314400
5:00484800
6:00579900
7:00722700
8:00906500
9:001118000
10:001352000
11:001624200
12:001965200
13:002343000
14:0027286074
15:0031503108130
WHAT THE NUMBERS SAY

Standard Tech play barely fights at all early, instead pouring metal into T2 infrastructure and constructors for the team.

  • + Metal produced hits 31679 by 15:00, by far the highest of any role here.
  • + T2 factory reached in 97% of games by 4:15, fastest and most reliable T2 timing.
  • − Enemy metal destroyed stays at 0 through 10:00, no early offense at all.
  • − Own metal lost also near 0, showing total avoidance of combat risk.
THE EXAMPLE YOU ARE READING

GazzGrim

30.9 OS · 27/09/2026

Open source match ↗

1 received units
1772 metal received · 121956 energy received

Allied construction assistance is unknown. Timings are observations, not a promise of solo reproducibility.

Typical milestones

Bot Lab1:18Middle 50%: 1:13–1:32 · n=1912
Advanced Bot Lab4:16Middle 50%: 4:04–4:30 · n=1905
Advanced Metal Extractor5:29Middle 50%: 5:05–5:59 · n=1908

Played most by

Amrissa97games of this buildTheGeneraI70games of this buildAdeus57games of this buildEl_Turco55games of this buildKOT_44games of this build